 Dungeon Crawl Stone Soup version 0.27-a0-1334-g2746e35aca (webtiles) character file.

Game seed: 15866699786879276173

104 spiderkeys the Skirmisher (level 4, -3/33 HPs)
             Began as an Octopode Abyssal Knight on June 26, 2021.
             Was a Believer of Lugonu.
             Slain by a centaur zombie (4 damage)
             ... on level 4 of the Dungeon.
             The game lasted 00:02:49 (2601 turns).

spiderkeys the Skirmisher (Octopode Abyssal Knight) Turns: 2601, Time: 00:02:50

Health: -3/33      AC:  1    Str: 12    XL:     4   Next: 80%
Magic:  6/6        EV: 13    Int: 14    God:    Lugonu [**....]
Gold:   972        SH:  0    Dex: 11    Spells: 3/3 levels left

rFire    . . .     SeeInvis .   a - +2 spear
rCold    . . .     Faith    .   (no shield)
rNeg     + . .     Spirit   .   (helmet restricted)
rPois    .         Reflect  .   (no amulet)
rElec    .         Harm     .   N - ring of positive energy
rCorr    .         Rampage  .   (no ring)
Will     .....                  (no ring)
Stlth    ++........             (no ring)
HPRegen  0.11/turn              (no ring)
MPRegen  0.10/turn              (no ring)
                                (no ring)
                                (no ring)

@: very slightly contaminated, invisible
A: almost no armour, amphibious, 8 rings, camouflage 1, gelatinous body 1,
(nimble swimmer 1), tentacles
a: Renounce Religion, Depart the Abyss, Bend Space


You were on level 4 of the Dungeon.
You worshipped Lugonu.
Lugonu was pleased with you.
You visited 1 branch of the dungeon, and saw 4 of its levels.
You visited the Abyss 1 time.

You collected 972 gold pieces.


Innate Abilities, Weirdness & Mutations

You cannot wear most types of armour.
You are amphibious.
You can wear up to eight rings at the same time.
Your skin changes colour to match your surroundings (Stealth+).
Your rubbery body absorbs attacks. (AC +1, EV +1)
((You are camouflaged near water. (Stealth+)))
You have tentacles for arms and can constrict up to eight enemies at once.


   Skills:
 + Level 3.7 Fighting
 + Level 2.9 Polearms
 + Level 3.1 Dodging
 + Level 3.1 Invocations


You had 3 spell levels left.
You didn't know any spells.
Your spell library contained the following spells:

 Spells                   Type           Power      Damage    Failure   Level
 Beastly Appendage        Tmut           0%         N/A       28%         1
 Wereblood                Tmut           0%         N/A       41%         2
 Spider Form              Tmut/Pois      0%         N/A       65%         3
 Ice Form                 Ice/Tmut       0%         N/A       96%         4

Inventory:

Hand Weapons
 a - a +2 spear (weapon)
Missiles
 b - 39 bolts
 c - 52 stones
 e - 2 atropa-tipped darts
 i - 13 arrows
Jewellery
 N - a ring of positive energy (left tentacle)
   (You found it on level 2 of the Dungeon)
Wands
 k - a wand of iceblast (9)
   (You found it on level 3 of the Dungeon)
Scrolls
 f - 2 scrolls of enchant armour {unknown}
 g - 2 scrolls of identify {unknown}
 h - 2 scrolls of teleportation {@r4}
 j - a scroll of silence {unknown}
 l - 3 scrolls of blinking {unknown}

Dungeon Overview and Level Annotations

Branches:
Dungeon (4/15)
 Temple: D:4-7

Altars:

..## ##...Z# ...#
##..!.# #..# ##..####
# #.###...# #.
#...{.#.#
..##.######.<###....#
.......)..........#
#...###.#.......#
##@###.####....#
#Z##..# ####...
#.#..## ##. #...##
##..# ####


You could see a centaur zombie.


Message History

You closely miss something. Your squeeze misses something.
Something hits you. 😮 HP[-1]
You take 1 damage, and now have 18/32 hp.
You hit something. Lugonu accepts your kill.
Reactivating autopickup.
You feel a bit more experienced. 😮 HP[+1]
You now have 33 max hp (+1).
Deactivating autopickup; reactivate with Ctrl-A.
You closely miss something.
You hear some strange, mumbled words.
Something tries to affect you, but you resist.
You closely miss something. Something hits you. 😮 HP[-2]
You take 2 damage, and now have 17/33 hp.
You completely miss something. Your squeeze misses something.
Something hits you.
* * * LOW HITPOINT WARNING * * *
😨 HP[-1]
You take 1 damage, and now have 16/33 hp.
You bump into the rock wall.
Something hits you.
* * * LOW HITPOINT WARNING * * *
😨 HP[-1]
You take 1 damage, and now have 15/33 hp.
You are too confused!
You feel less confused.
There is a stone staircase leading down here.
Okay, then.
You hear some strange, mumbled words.
Something tries to affect you, but you resist.
You climb downwards.
Reactivating autopickup.
A centaur zombie comes into view.
There is a stone staircase leading up here.
Deactivating autopickup; reactivate with Ctrl-A.
You closely miss something. Something hits you.
* * * LOW HITPOINT WARNING * * *
😨 HP[-1]
You take 1 damage, and now have 14/33 hp.
You barely miss something. Something hits you.
* * * LOW HITPOINT WARNING * * *
😨 HP[-1]
You take 1 damage, and now have 13/33 hp.
You miss something. Something hits you.
* * * LOW HITPOINT WARNING * * *
😨 HP[-2]
You take 2 damage, and now have 11/33 hp.
You miss something. Something hits you.
* * * LOW HITPOINT WARNING * * *
😨 HP[-1]
You take 1 damage, and now have 10/33 hp.
You miss something. You squeeze something. Something hits you.
* * * LOW HITPOINT WARNING * * *
Something hits you.
* * * LOW HITPOINT WARNING * * *
😱 HP[-5]
You take 5 damage, and now have 5/33 hp.
Okay, then.
A giant cockroach and a skeleton come into view.
It was a potion of invisibility.
You fade into invisibility!
The centaur zombie closely misses you.
The centaur zombie barely misses you. x2
The centaur zombie closely misses you.
You hear some strange, mumbled words.
The centaur zombie appears confused.
You are very lightly contaminated with residual magic.
Space bends around you!
You blink. 😱 HP[-2] MP[-1]
You take 2 damage, and now have 3/33 hp.
You lost 1 mp, and now have 5/6 mp.
As you read the scroll labelled VOCZOA MIOZAGG, it crumbles to dust.
You feel strangely unstable.
It was a scroll of teleportation.
Found a stone staircase leading down.
Your surroundings suddenly seem different. 😱 HP[+1]
You start resting. 😱 MP[+1]
Your mp is fully restored (6).
You start resting.
A centaur zombie is nearby!
Reach: a) +2 spear
Press: ? - help, Dir - move target, f - centaur zombie
Aim: a centaur zombie (about 10% to evade your +2 spear)
You reach to attack!
You puncture the centaur zombie! 😱 HP[+1] Reach: a) +2 spear
Press: ? - help, Dir - move target, f/p - centaur zombie
Aim: a centaur zombie (moderately damaged, about 10% to evade your +2 spear)
You strike the helpless centaur zombie from behind!
You hit the centaur zombie. The centaur zombie hits you.
* * * LOW HITPOINT WARNING * * *
The centaur zombie kicks you but does no damage. 😱 HP[-4]
You take 4 damage, and now have 1/33 hp.
Unknown command.
The centaur zombie hits you.
You die...

Skill      XL: |  1  2  3  4 |
---------------+-------------+-----
Dodging        | 3 |  3.1
Invocations    | 3 |  3.1
Fighting       | |  3.7
Polearms       | |  2.9

Action                   |  1- 3 |  4- 6 || total
-------------------------+-------+-------++-------
Melee: Spear             |    84 |    57 ||   141
       Constrict         |    12 |     7 ||    19
       Tentacles         |    11 |     5 ||    16
Invok: Depart the Abyss  |     1 |       ||     1
       Bend Space        |       |     1 ||     1
  Use: Scroll            |     2 |     1 ||     3
       Potion            |       |     1 ||     1
 Stab: Sleeping          |    12 |     5 ||    17
       Invisible         |       |     1 ||     1
Armor: Skin              |     4 |     2 ||     6
Dodge: Dodged            |    25 |     9 ||    34

Levels and vault maps discovered:
D:1:      minmay_arrival_four_houses, layout_loops_ring, basic_ecumenical_altar
D:2:      layout_basic, minmay_pentomino_p2
D:3:      layout_basic, demons_altar, serial_glass, glass_columns_a,
          glass_columns_b, hex_intersection, minivault_5, st_stairs_2
D:4:      layout_rooms, kennysheep_mini_moat

Notes
Turn   | Place    | Note
-------+----------+-------------------------------------------
     0 | Abyss:1  | spiderkeys the Octopode Abyssal Knight began the quest for
                  | the Orb.
     0 | Abyss:1  | Reached XP level 1. HP: 16/16 MP: 2/2
     0 | Abyss:1  | magus.rc [v1.9.10]
    69 | Abyss:1  | Identified a scroll of acquirement
    69 | Abyss:1  | Acquired 899 gold pieces
    79 | Abyss:1  | Noticed a small abomination
   100 | Abyss:1  | Noticed an angel
   105 | Abyss:1  | Noticed a large abomination
   106 | Abyss:1  | Found a sparkling altar of Nemelex Xobeh.
   106 | Abyss:1  | Noticed an orange demon
   112 | Abyss:1  | Noticed a ynoxinul
   114 | D:1      | You pass through the gate.
   114 | D:1      | Escaped the Abyss
   173 | D:1      | Found a faded altar of an unknown god.
   271 | D:1      | Reached * piety under Lugonu
   299 | D:1      | Reached XP level 2. HP: 13/21 MP: 3/3
   918 | D:1      | Reached XP level 3. HP: 26/26 MP: 4/4
  1352 | D:2      | You pick up a book of Changes and begin reading...
  1352 | D:2      | You add the spells Beastly Appendage, Wereblood, Spider
                  | Form and Ice Form to your library.
  1378 | D:2      | Reached ** piety under Lugonu
  1587 | D:2      | Reached skill level 3 in Dodging
  1587 | D:2      | Reached XP level 4. HP: 20/31 MP: 6/6
  2542 | D:3      | Reached skill level 3 in Invocations
  2581 | D:4      | HP: 5/33 [something (5)]
  2599 | D:4      | HP: 1/33 [centaur zombie (4)]
  2601 | D:4      | Slain by a centaur zombie

Vanquished Creatures
  An orc wizard (D:3)
  2 adders (D:2)
  2 worms
  2 dart slugs (D:1)
  3 orcs (D:3)
  3 bats
  7 endoplasms
  3 goblins
  3 hobgoblins
  3 jackals (D:1)
  6 kobolds
  2 quokkas (D:1)
  10 ball pythons
  2 frilled lizards
  4 rats
53 creatures vanquished.

Table legend:
 A = Non-vault XP
 B = Vault XP
 C = Vault XP percentage of total XP
 D = Non-vault monster count
 E = Vault monster count
 F = Vault count percentage of total count
                 A         B        C        D         E       F
            +---------+---------+-------+---------+---------+-------
      Total |     142 |       7 |   4.7 |      49 |       4 |   7.5
            +---------+---------+-------+---------+---------+-------
        D:1 |      49 |       0 |   0.0 |      28 |       0 |   0.0
        D:2 |      46 |       3 |   6.1 |      13 |       2 |  13.3
        D:3 |      47 |       4 |   7.8 |       8 |       2 |  20.0
            +---------+---------+-------+---------+---------+-------

Illustrated notes

Table legend:
 A = Kills in this place as a percentage of kills in entire the game.
 B = Kills by you in this place as a percentage of kills by you in the entire game.
 C = Kills by friends in this place as a percentage of kills by friends in the entire game.
 D = Other kills in this place as a percentage of other kills in the entire game.
 E = Experience gained in this place as a percentage of experience gained in the entire game.
 F = Experience gained in this place divided by the number of levels of this place that you have seen.
                   A       B       C       D       E      F
               +-------+-------+-------+-------+-------+----------------------
         Total | 100.0 | 100.0 |   N/A |   N/A | 100.0 |  29.8
       Dungeon | 100.0 | 100.0 |   N/A |   N/A | 100.0 |  37.2
               +-------+-------+-------+-------+-------+----------------------

Table legend: (Time is in decaauts)
 A = Elapsed time spent in this place.
 B = Non-inter-level travel time spent in this place.
 C = Inter-level travel time spent in this place.
 D = Time resting spent in this place.
 E = Time spent auto-exploring this place.
 F = Levels seen in this place.
 G = Mean time per level.
                   A        B        C        D        E       F      G
               +--------+--------+--------+--------+--------+-----+--------+
         Total |   2597 |   2445 |    152 |      7 |   2061 |   5 |  519.4 |
       Dungeon |   2483 |   2331 |    152 |      7 |   1987 |   4 |  620.8 |
         Abyss |    114 |    114 |      0 |      0 |     74 |   1 |  114.0 |
               +--------+--------+--------+--------+--------+-----+--------+

Top non-repeatable levels by time:
     D:1: 1196 daAuts
     D:2: 1089 daAuts
     D:3: 171 daAuts
 Abyss:1: 114 daAuts
     D:4: 25 daAuts
